Map: Shrines of Lizul

Players

theBeast

  • Race: Terran Terran
  • League: Platinum
  • Spawn Location: 6:00

Tykuh

  • Race: Zerg Zerg
  • League: Silver
  • Spawn Location: 9:00

MonstroTown

  • Race: Terran Terran
  • Spawn Location: 12:00

Michael

  • Race: Zerg Zerg
  • Spawn Location: 3:00

VOD

Have the link to the VOD?

Description

Time

  • Played on: Aug. 26, 2018, 12:53 a.m.
  • Length: 13:30
Show
View Real Time Build Order
Export as new Build Order

theBeast Terran 

Build Orders: MMM Bio 

Get SALT Encoding   

  12  0:01  SCV  
  13  0:13  SCV  
  14  0:19  Supply Depot  
  14  0:25  SCV  
  15  0:41  SCV  
  16  0:44  Barracks  
  16  0:50  Refinery  
  16  0:53  SCV  
  17  1:05  SCV  
  18  1:17  SCV  
  19  1:29  SCV  
  19  1:31  Supply Depot  
  20  1:41  Orbital Command  
  20  1:46  Refinery  
  20  1:56  Factory  
  20  2:00  Marine  
  21  2:08  SCV  
  22  2:17  Supply Depot  
  22  2:18  Marine  
  23  2:30  SCV  
  23  2:35  Marine  
  25  2:42  SCV  
  26  2:46  Starport  
  26  2:55  SCV  
  27  3:00  Barracks Tech Lab, Factory Tech Lab  
  27  3:07  Command Center, SCV  
  27  3:10  Engineering Bay  
  28  3:19  SCV  
  29  3:20  Stimpack  
  29  3:24  Marauder  
  31  3:31  Supply Depot  
  31  3:32  SCV  
  32  3:43  Siege Tank  
  32  3:44  SCV  
  36  3:49  Medivac  
  38  3:55  Marine  
  39  4:06  Barracks  
  39  4:10  Missile Turret  
  39  4:18  Orbital Command  
  39  4:23  SCV  
  40  4:27  Marauder  
  40  4:28  Starport Reactor  
  42  4:35  SCV  
  43  4:41  Siege Tank  
  46  4:47  Terran Infantry Weapons Level 1  
  46  4:48  Marauder  
  48  5:02  Barracks Reactor  
  48  5:04  Barracks  
  48  5:11  Medivac  
  50  5:16  Supply Depot  
  50  5:21  Marine  
  45  5:50  Medivac x2, Marine  
  45  5:51  Marine  
  45  5:53  Barracks Reactor  
  51  5:57  Engineering Bay  
  51  5:58  SCV x2  
  53  6:08  Marine x2  
  53  6:10  SCV x2  
  57  6:12  Combat Shields  
  57  6:22  SCV  
  57  6:23  SCV, Supply Depot  
  59  6:25  Missile Turret  
  59  6:31  Barracks  
  59  6:35  SCV x2  
  59  6:39  Marauder, Marine x4  
  66  6:41  Siege Tank  
  70  6:52  Terran Infantry Armor Level 1  
  70  7:01  Marine  
  70  7:02  Marine  
  70  7:03  Marine x3  
  75  7:13  Medivac  
  77  7:21  SCV  
  77  7:22  Command Center  
  78  7:25  Supply Depot  
  78  7:26  Supply Depot  
  78  7:29  Supply Depot  
  78  7:38  SCV  
  78  7:43  Concussive Shells  
  78  7:46  Siege Tank, SCV, Marine x4  
  78  7:50  SCV, Supply Depot  
  87  7:56  Barracks Reactor  
  87  7:58  Barracks Tech Lab  
  87  8:04  SCV  
  87  8:05  Missile Turret, SCV  
  89  8:09  Refinery  
  89  8:11  Refinery  
  89  8:17  Armory, SCV x2  
  79  8:55  Marine x4  
  78  8:56  Marauder  
  78  8:57  Medivac x2, Marauder  
  85  9:25  Marauder x2, Marine  
  85  9:26  Marine x3  
  85  9:29  Terran Infantry Weapons Level 2  
  93  9:40  Supply Depot  
  93  9:43  Terran Infantry Armor Level 2, Marine x2  
  93  9:44  Marine x2  
  97  9:46  Marauder  
  97  9:47  Marauder  
  101  10:01  Marine x2  
  101  10:02  Marine x2  
  105  10:07  Marine  
  106  10:17  Viking, Medivac  
  106  10:19  Marauder, Marine x2  
  106  10:20  Marine  
  115  10:25  Marauder  
  115  10:27  Orbital Command  
  117  10:33  SCV x2  
  119  10:49  Marine x4  
  121  10:51  Marauder x2  
  121  10:56  SCV x2  
  129  10:58  SCV  
  130  11:08  SCV  
  105  11:50  Marine x2  
  105  11:51  Marine x2  
  105  11:52  Marauder  
  105  11:53  Marauder  
  113  11:54  Siege Tank  
  116  12:08  Marine x2  
  116  12:09  Marine x2  
  116  12:13  Marauder  
Show
View Real Time Build Order
Export as new Build Order

Tykuh Zerg 

Build Orders: Hatch First 

Get SALT Encoding   

  12  0:01  Drone  
  13  0:13  Overlord  
  13  0:18  Drone  
  14  0:31  Drone x2  
  16  0:52  Hatchery  
  16  0:55  Drone  
  16  0:57  Extractor  
  15  1:13  Spawning Pool  
  15  1:15  Drone  
  15  1:31  Drone x2  
  15  1:32  Drone  
  18  1:42  Overlord  
  18  1:59  Queen  
  20  2:02  Zergling x2  
  21  2:11  Metabolic Boost  
  21  2:12  Zergling x2  
  22  2:16  Drone x2  
  24  2:35  Zergling x2  
  24  2:36  Zergling x4  
  26  2:51  Zergling x8  
  26  3:15  Zergling x8  
  29  3:23  Drone  
  29  3:25  Zergling x6  
  33  3:38  Zergling x2, Baneling Nest  
  33  3:39  Zergling x4  
  35  3:53  Overlord x2  
  35  4:11  Queen  
  35  4:19  Zergling x2  
  35  4:20  Zergling x10  
  30  4:36  Spine Crawler  
  31  4:39  Spine Crawler  
  31  4:40  Baneling x3  
  31  4:41  Baneling  
  30  4:48  Zergling x2  
  30  4:49  Zergling x6  
  27  5:01  Zergling x4  
  27  5:11  Baneling x3  
  24  5:31  Lair  
  24  5:33  Zergling x2  
  24  5:34  Zergling x18  
  31  6:00  Baneling x5  
  31  6:01  Baneling  
  31  6:08  Drone x3  
  31  6:11  Zergling x6  
  37  6:28  Drone  
  37  6:29  Queen  
  40  6:36  Centrifical Hooks  
  40  6:38  Zergling x2  
  27  7:23  Drone x3  
  30  7:35  Zergling x2  
  30  7:36  Zergling x16  
  30  7:37  Zergling x6  
  42  7:45  Drone x2  
  44  7:58  Baneling  
  32  8:14  Zergling x4  
  32  8:15  Zergling x4  
  23  8:37  Drone x2  
  23  8:38  Drone x3  
  24  8:44  Zergling x6  
  27  9:02  Hatchery  
  26  9:15  Zergling x2  
  26  9:16  Zergling x4  
  29  9:19  Baneling x5  
  29  9:39  Overlord x3  
  29  9:42  Hydralisk Den  
  24  10:11  Spore Crawler  
  23  10:18  Drone  
  23  10:19  Queen  
  26  10:25  Hydralisk x4  
  26  10:27  Muscular Augments  
  34  10:43  Hydralisk x2  
  38  11:01  Drone  
  38  11:02  Drone  
  40  11:05  Drone x3  
  41  11:24  Zergling x4  
  41  11:25  Zergling x6  
  44  11:33  Drone  
  44  11:34  Drone  
  44  11:36  Drone  
  45  12:15  Zergling x14  
  46  12:21  Hydralisk x3  
  53  12:57  Hydralisk  
  53  12:58  Hydralisk x2  
  57  13:11  Zergling x2  
  57  13:12  Zergling x6  
Show
View Real Time Build Order
Export as new Build Order

MonstroTown Terran 

Build Orders: Reaper Expand 

Get SALT Encoding   

  12  0:01  SCV  
  13  0:13  SCV  
  14  0:19  Supply Depot  
  14  0:25  SCV  
  15  0:40  SCV  
  15  0:42  Barracks  
  16  0:49  Refinery  
  16  0:52  SCV  
  17  1:04  SCV  
  18  1:16  SCV  
  19  1:31  Reaper  
  20  1:32  Orbital Command  
  20  1:45  Barracks  
  20  1:50  Refinery  
  20  1:57  Command Center  
  20  2:01  SCV  
  21  2:09  Barracks Reactor  
  21  2:22  Supply Depot  
  21  2:40  SCV  
  21  2:52  Reaper  
  21  2:54  SCV  
  23  3:04  Marine  
  24  3:06  SCV  
  25  3:22  SCV  
  26  3:29  Factory  
  26  3:36  Engineering Bay  
  26  3:38  Barracks  
  26  3:52  Orbital Command  
  26  3:56  Supply Depot  
  26  4:03  Terran Infantry Weapons Level 1  
  26  4:05  SCV  
  27  4:17  SCV  
  27  4:18  Hellion, Supply Depot  
  30  4:29  SCV  
  30  4:30  Barracks Tech Lab, Marine x2  
  33  4:40  Factory Tech Lab  
  33  4:41  Supply Depot, Starport  
  33  4:42  SCV  
  34  5:06  Marine x2  
  38  5:07  Siege Tank, Marauder  
  38  5:14  SCV  
  42  5:15  Barracks  
  42  5:18  Bunker  
  42  5:26  SCV  
  40  5:29  Marine x3  
  42  5:36  Viking  
  42  5:38  SCV  
  44  5:49  Marine  
  45  5:50  SCV  
  46  5:59  Marine x2  
  48  6:09  Starport Reactor  
  48  6:10  Stimpack  
  48  6:12  Terran Infantry Armor Level 1  
  48  6:14  Marine  
  48  6:15  Barracks Reactor  
  48  6:17  Marauder  
  51  6:20  Siege Tank  
  54  6:26  Marine  
  55  6:34  Barracks  
  55  6:37  SCV  
  56  6:41  Armory  
  56  6:47  Missile Turret  
  56  6:49  SCV  
  56  6:51  Missile Turret  
  56  6:53  Refinery, Marine x3  
  60  6:56  Refinery  
  60  7:01  SCV, Marine  
  60  7:04  Marauder  
  64  7:19  Marine x2  
  64  7:20  Marine  
  64  7:21  Medivac  
  69  7:27  Medivac  
  69  7:29  Siege Tank  
  74  7:36  Engineering Bay  
  74  7:37  SCV  
  75  7:55  Marine  
  75  7:56  Marine x2  
  78  8:01  Supply Depot x2  
  78  8:02  Supply Depot  
  78  8:09  Marauder  
  78  8:20  Barracks Reactor  
  78  8:22  Medivac x2, Marine x4  
  86  8:29  Marine  
  54  8:50  SCV, Marine  
  54  8:51  Marine x2  
  56  9:02  SCV  
  53  9:04  Marine x2  
  55  9:11  Marine  
  55  9:12  Marine x3  
  55  9:13  Marauder  
  55  9:14  SCV  
  62  9:29  Marine x2  
  62  9:30  Siege Tank, Medivac  
  69  9:32  SCV  
  69  9:33  Command Center  
  70  9:43  Marine x2  
  70  9:44  SCV  
  73  9:57  SCV  
  74  10:09  SCV  
  74  10:12  Marine  
  76  10:17  Terran Infantry Armor Level 2  
  76  10:20  Terran Vehicle Weapons Level 1  
  76  10:21  SCV  
  76  10:38  Marine  
  76  10:39  Marine x5  
  76  10:40  Widow Mine  
  84  10:49  Marine  
  85  10:50  Medivac x2, Barracks  
  85  10:52  Planetary Fortress, Barracks  
  85  10:54  Barracks  
  85  10:56  Marine  
  85  10:57  Missile Turret, Marine x3  
  90  10:58  Marine x2  
  60  11:31  SCV x3  
  59  11:34  Marine x5  
  59  11:35  Marine x2  
  47  11:52  Marine x2  
  29  12:09  Marine x2  
  29  12:10  Marine x2  
  29  12:11  Marine  
  29  12:13  Marine  
  34  12:19  SCV x2  
  38  12:31  SCV x2  
  30  12:52  SCV  
  30  12:53  SCV  
  32  13:06  SCV x2  
  32  13:12  Barracks  
  33  13:13  Barracks  
  33  13:16  Barracks  
Show
View Real Time Build Order
Export as new Build Order

Michael Zerg 

Build Orders: Hatch First 

Get SALT Encoding   

  12  0:01  Drone  
  13  0:12  Overlord  
  13  0:18  Drone  
  14  0:31  Drone x2  
  14  0:35  Drone  
  17  0:55  Hatchery  
  16  0:57  Drone  
  16  1:01  Drone  
  16  1:04  Extractor  
  17  1:17  Spawning Pool  
  16  1:20  Drone  
  16  1:25  Drone  
  18  1:30  Drone  
  19  1:39  Drone  
  20  1:49  Overlord  
  20  2:04  Queen  
  20  2:06  Queen  
  20  2:08  Metabolic Boost  
  24  2:12  Zergling x2  
  25  2:16  Zergling x2  
  25  2:19  Zergling x2  
  25  2:22  Zergling x2  
  28  2:26  Zergling x2  
  28  2:29  Zergling x2  
  30  2:39  Drone  
  31  2:45  Drone x2  
  33  3:08  Drone x2  
  33  3:09  Drone x2  
  33  3:22  Spine Crawler  
  32  3:29  Roach Warren  
  32  3:30  Hatchery  
  32  3:31  Drone x2  
  32  3:34  Drone  
  33  3:36  Drone  
  33  3:38  Drone  
  35  3:41  Drone  
  35  3:46  Overlord  
  36  3:51  Overlord  
  36  4:05  Zergling x6  
  36  4:06  Zergling x8  
  36  4:08  Zergling x2  
  44  4:12  Roach  
  35  4:35  Queen  
  35  4:36  Drone x5  
  35  4:38  Drone  
  43  4:41  Drone  
  43  4:44  Drone  
  37  5:04  Queen  
  32  5:07  Queen  
  32  5:12  Lair  
  27  5:18  Spawning Pool  
  20  5:30  Roach Warren, Drone  
  19  5:35  Drone  
  18  5:48  Drone x2  
  18  5:57  Spine Crawler  
  18  6:00  Drone  
  18  6:04  Drone x2  
  19  6:08  Drone x3  
  19  6:10  Drone x2  
  25  6:20  Queen  
  25  6:25  Roach  
  29  6:29  Roach  
  31  6:33  Roach  
  31  6:39  Drone  
  34  6:42  Drone  
  34  6:45  Drone x3  
  38  6:52  Spore Crawler  
  37  6:54  Drone  
  37  6:55  Spore Crawler  
  37  6:57  Drone  
  37  6:59  Extractor  
  37  7:02  Drone  
  37  7:03  Extractor  
  35  7:19  Roach x5  
  45  7:28  Drone x2  
  47  7:30  Drone  
  47  7:31  Drone  
  47  7:32  Drone x3  
  52  7:41  Glial Reconstitution  
  52  7:42  Hydralisk Den  
  51  7:50  Evolution Chamber  
  51  7:51  Roach x2  
  54  7:52  Roach  
  54  7:57  Roach  
  56  8:09  Roach  
  56  8:27  Roach  
  52  8:51  Roach x3  
  52  8:54  Overlord x4  
  52  8:55  Overlord x2  
  52  9:14  Drone x6  
  48  9:20  Extractor  
  48  9:22  Extractor  
  46  9:30  Muscular Augments  
  46  9:34  Drone  
  46  9:35  Drone x2  
  49  9:38  Drone x2  
  49  9:39  Drone  
  49  9:41  Drone  
  49  9:43  Extractor  
  49  9:45  Drone x2  
  54  9:58  Hatchery  
  53  10:01  Infestation Pit  
  53  10:04  Spore Crawler  
  53  10:05  Spore Crawler  
  50  10:07  Queen  
  52  10:16  Zerg Ground Armor Level 1  
  52  10:20  Drone x3  
  55  10:21  Drone  
  55  10:22  Drone x2  
  55  10:23  Drone x5  
  63  10:33  Spire  
  62  10:52  Hive  
  62  10:57  Zergling x2  
  62  10:58  Zergling x16  
  62  10:59  Zergling x12  
  62  11:00  Zergling x2  
  60  11:32  Roach  
  60  11:33  Roach x7  
  60  11:34  Roach x6  
  60  11:35  Roach x4  
  92  11:46  Roach x6  
  92  11:47  Roach  
  96  12:15  Hydralisk x2, Roach x3  
  82  12:16  Hydralisk x7  
  82  12:17  Hydralisk  
  86  12:24  Hydralisk x4  
  86  12:26  Roach  
  86  12:29  Roach  
  98  12:40  Roach x3  
  100  13:04  Roach x9  
  92  13:05  Roach  
Tags
 
Add a new tag
Caveats
  • Supply blocks, unpowered buildings, or Contaminate may cause inaccurate times.
  • Supply counts are checked every 10 seconds.